 Dungeon Crawl Stone Soup version bcrawl-1.27.3 (webtiles) character file.

Game seed: 16132058749607712907

172462 Artagas the Digger (level 6, -7/39 HPs)
             Began as an Octopode Earth Elementalist on Sept 13, 2020.
             Mangled by a hippogriff (8 damage)
             ... on level 4 of the Dungeon.
             The game lasted 00:09:50 (3600 turns).

Artagas the Digger (Octopode Earth Elementalist)    Turns: 3600, Time: 00:09:51

Health: -7/39      AC:  1    Str:  8    XL:     6   Next: 80%
Magic:  0/10       EV: 14    Int: 19    God:
Gold:   307        SH:  0    Dex: 12    Spells: 1/11 levels left

rFire    . . .     SeeInvis .   a - +0 whip (flame)
rCold    . . .     Gourm    .   (no shield)
rNeg     . . .     Faith    .   (helmet restricted)
rPois    .         Spirit   .   (cloak restricted)
rElec    .         Reflect  .   (no amulet)
rCorr    .         Harm     .   (no ring)
MR       .....                  (no ring)
Stlth    +++.......             (no ring)
HPRegen  0.13/turn              (no ring)
MPRegen  0.12/turn              (no ring)
                                (no ring)
                                (no ring)
                                (no ring)

@: very slightly contaminated
A: almost no armour, stealthy swim, amphibious, 8 rings, constrict 8, camouflage
1, gelatinous body 1
a: no special abilities


You were on level 4 of the Dungeon.
You were hungry.

You visited 1 branch of the dungeon, and saw 4 of its levels.

You collected 307 gold pieces.

Inventory:

Hand Weapons
 a - a +0 whip of flaming (weapon)
   (You took it off a kobold on level 1 of the Dungeon)
 b - a +0 blowgun
   (You took it off a kobold on level 2 of the Dungeon)
Missiles
 g - 523 stones
 m - 28 poisoned needles
 n - 120 poisoned tomahawks (quivered)
Jewellery
 k - an uncursed ring of fire {unknown}
   (You found it on level 2 of the Dungeon)
Scrolls
 d - 2 scrolls of immolation
 h - a scroll of teleportation {unknown}
 i - a scroll of magic mapping {unknown}
 r - a scroll of identify
 w - 2 scrolls of remove curse
Potions
 c - a potion of agility {unknown}
 f - a potion of brilliance {unknown}
 j - a potion of berserk rage {unknown}
 l - a potion of mutation {unknown}
Comestibles
 e - 5 rations {!d}
 o - a chunk of flesh


   Skills:
 - Level 2.0 Fighting
 - Level 3.0 Dodging
 - Level 3.0 Stealth
 - Level 3.0 Spellcasting
 + Level 2.6 Transmutations
 + Level 5.5 Earth Magic


You had one spell level left.
You knew the following spells:

 Your Spells              Type           Power        Failure   Level  Hunger
a - Sandblast             Erth           ###...       1%          1    None
b - Stone Arrow           Conj/Erth      ##....       14%         3    ####...
c - Petrify               Tmut/Erth      ###.......   28%         4    #####..
d - Passwall              Tmut/Erth      ###.....     4%          2    #......

Your spell library contained the following spells:

 Spells                   Type           Power        Failure   Level  Hunger
 Lee's Rapid Deconstruct  Erth           ###.......   41%         5    ######.


Dungeon Overview and Level Annotations

Branches:
Dungeon (4/12)
 Temple: D:4-7

Altars:
Cheibriados
Elyvilon
Lugonu
Makhleb
Nemelex Xobeh

Annotations:
D:3 exclusions: upstairs and 1 more exclusion, Sigmund


Innate Abilities, Weirdness & Mutations

You cannot wear most types of armour.
You are very stealthy in the water. (Stealth+)
You are amphibious.
You can wear up to eight rings at the same time.
You can use your tentacles to constrict eight enemies at once.
Your skin changes colour to match your surroundings (Stealth+).
Your rubbery body absorbs attacks. (AC +1, EV +1)


Message History

You constrict the giant cockroach. The giant cockroach barely misses you.
You hit the giant cockroach but do no damage.
The giant cockroach is almost dead.
You constrict the giant cockroach.
You kill the giant cockroach!
You see here a giant cockroach corpse.
You butcher the giant cockroach corpse.
o - 2 chunks of flesh Eating one of 2 chunks of flesh.
You eat one of the 2 chunks of flesh.
This raw flesh tastes terrible.
A hippogriff comes into view.
You have encountered a dangerous foe!
Casting: Sandblast (safe; 1% risk of failure)
Confirm with . or Enter, or press ? or * to list all spells.
You can't see any susceptible monsters within range! (Use Z to cast anyway.) Unknown command.
Casting: Sandblast (safe; 1% risk of failure)
Confirm with . or Enter, or press ? or * to list all spells.
You can't see any susceptible monsters within range! (Use Z to cast anyway.) Unknown command.
Casting: Sandblast (safe; 1% risk of failure)
Confirm with . or Enter, or press ? or * to list all spells.
You can't see any susceptible monsters within range! (Use Z to cast anyway.) Unknown command.
Casting: Sandblast (safe; 1% risk of failure)
Confirm with . or Enter, or press ? or * to list all spells.
You can't see any susceptible monsters within range! (Use Z to cast anyway.) Unknown command.
Casting: Sandblast (safe; 1% risk of failure)
Confirm with . or Enter, or press ? or * to list all spells.
Aiming: Stone Arrow (safe; 14% risk of failure)
Press: ? - help, Shift-Dir - straight line, f - hippogriff
Aim: a hippogriff (resting)
You miscast Stone Arrow.
You are very lightly contaminated with residual magic.
The air around you crackles with energy!
Casting: Stone Arrow (safe; 14% risk of failure)
Confirm with . or Enter, or press ? or * to list all spells.
Aiming: Stone Arrow (safe; 14% risk of failure)
Press: ? - help, Shift-Dir - straight line, f/p - hippogriff
Aim: a hippogriff (resting)
The stone arrow hits the hippogriff!
The hippogriff is moderately wounded.
The hippogriff screeches!
You are feeling hungry.
Casting: Stone Arrow (safe; 14% risk of failure)
Confirm with . or Enter, or press ? or * to list all spells.
Aiming: Stone Arrow (safe; 14% risk of failure)
Press: ? - help, Shift-Dir - straight line, f/p - hippogriff
Aim: a hippogriff (moderately wounded)
The stone arrow hits the hippogriff!
The hippogriff is heavily wounded.
You hit the hippogriff. You burn the hippogriff.
The hippogriff is severely wounded.
The hippogriff misses you. The hippogriff pecks you. The hippogriff claws you.
You hit the hippogriff but do no damage.
You squeeze the hippogriff.
The hippogriff is severely wounded.
The hippogriff bites you. The hippogriff pecks you. The hippogriff claws you.
Casting: Stone Arrow (safe; 14% risk of failure)
Confirm with . or Enter, or press ? or * to list all spells.
Aiming: Sandblast (safe; 1% risk of failure)
Press: ? - help, Shift-Dir - straight line, f/p - hippogriff
Aim: a hippogriff (severely wounded)
The blast of sand hits the hippogriff!
The hippogriff is almost dead.
g - 533 stones The hippogriff barely misses you.
The hippogriff pecks you. The hippogriff claws you.
Casting: Sandblast (safe; 1% risk of failure)
Confirm with . or Enter, or press ? or * to list all spells.
Aiming: Sandblast (safe; 1% risk of failure)
Press: ? - help, Shift-Dir - straight line, f/p - hippogriff
Aim: a hippogriff (almost dead)
The blast of sand hits the hippogriff.
The hippogriff is almost dead.
g - 523 stones The hippogriff bites you!
* * * LOW HITPOINT WARNING * * *
The hippogriff pecks you.
* * * LOW HITPOINT WARNING * * *
The hippogriff barely misses you.
You hit the hippogriff but do no damage.
The hippogriff is almost dead.
The hippogriff barely misses you. The hippogriff pecks you.
* * * LOW HITPOINT WARNING * * *
The hippogriff barely misses you.
You feel better. The hippogriff bites you.
* * * LOW HITPOINT WARNING * * *
The hippogriff closely misses you. The hippogriff completely misses you.
Okay, then.
You hit the hippogriff but do no damage.
The hippogriff is almost dead.
The hippogriff closely misses you. The hippogriff pecks you.
* * * LOW HITPOINT WARNING * * *
The hippogriff closely misses you.
You barely miss the hippogriff.
The hippogriff is almost dead.
The hippogriff bites you!
You die...

.## .. ..## ...
...## #... ....#####
#..# ........######
#..#
......#......####..#
......#####.<.....#
....### #####..##
...## ##@# ####
##H### #....####
##.......##
#..........
#..........
#..........
#..........
#..........


You could see a hippogriff.

Vanquished Creatures
  A centaur (D:3)
  A hound (D:2)
  3 jellies
  An iguana (D:4)
  5 adders (D:3)
  11 oozes (D:2)
  A worm (D:3)
  3 leopard geckos
  4 giant cockroaches
  8 goblins
  7 hobgoblins
  2 jackals (D:3)
  15 kobolds
  3 quokkas
  3 bats
  2 frilled lizards (D:1)
  A quokka skeleton (D:2)
  4 rats
75 creatures vanquished.

Vanquished Creatures (others)
  4 fungi (D:2)
  5 toadstools (D:2)
9 creatures vanquished.

Grand Total: 84 creatures vanquished

Notes
Turn   | Place    | Note
-------+----------+-------------------------------------------
     0 | D:1      | Artagas the Octopode Earth Elementalist began the quest for
                  | the Orb.
     0 | D:1      | Reached XP level 1. HP: 11/11 MP: 3/3
   124 | D:1      | Reached XP level 2. HP: 14/17 MP: 5/5
   616 | D:2      | Found a snail-covered altar of Cheibriados.
   666 | D:2      | Reached skill level 4 in Earth Magic
   689 | D:2      | Found a burning altar of Makhleb.
   695 | D:2      | Reached XP level 3. HP: 21/21 MP: 3/6
   700 | D:2      | Learned a level 3 spell: Stone Arrow
   831 | D:2      | Reached XP level 4. HP: 27/27 MP: 3/7
  1189 | D:2      | Reached skill level 5 in Earth Magic
  1350 | D:2      | Reached skill level 1 in Fighting
  1350 | D:2      | Reached XP level 5. HP: 33/33 MP: 0/8
  1657 | D:2      | Found a corrupted altar of Lugonu.
  1698 | D:2      | Learned a level 4 spell: Petrify
  1770 | D:3      | Noticed Sigmund
  1866 | D:3      | HP: 2/34 [acid (8)]
  2187 | D:3      | Reached XP level 6. HP: 39/39 MP: 3/10
  2195 | D:3      | Found a white marble altar of Elyvilon.
  2322 | D:3      | Reached skill level 2 in Fighting
  2322 | D:3      | Reached skill level 3 in Dodging
  2358 | D:3      | Found a sparkling altar of Nemelex Xobeh.
  2570 | D:3      | Learned a level 2 spell: Passwall
  2577 | D:3      | Reached skill level 3 in Spellcasting
  2577 | D:3      | Reached skill level 2 in Transmutations
  3582 | D:4      | Noticed a hippogriff
  3597 | D:4      | HP: 1/39 [hippogriff (5)]
  3600 | D:4      | Mangled by a hippogriff

Skill      XL: |  1  2  3  4  5  6 |
---------------+-------------------+-----
Earth Magic    | 4 5 |  5.5
Fighting       | 1 2 |  2.0
Dodging        | 3 |  3.0
Spellcasting   | 3 |  3.0
Transmutations | 2 |  2.6
Stealth        | |  3.0

Action                   |  1- 3 |  4- 6 || total
-------------------------+-------+-------++-------
Melee: Whip              |    26 |    71 ||    97
       Constrict         |     9 |    13 ||    22
       Unarmed           |     2 |       ||     2
       Tentacles         |     2 |     8 ||    10
Throw: Tomahawk          |       |     2 ||     2
 Cast: Sandblast         |    11 |    31 ||    42
       Stone Arrow       |     2 |    34 ||    36
       Passwall          |       |     1 ||     1
  Use: Scroll            |     1 |     2 ||     3
       Potion            |       |     1 ||     1
 Stab: Sleeping          |     3 |     3 ||     6
  Eat: Chunk             |     1 |    16 ||    17
       Ration            |       |     1 ||     1
Armor: Skin              |     6 |     9 ||    15
Dodge: Dodged            |    24 |    74 ||    98

Levels and vault maps discovered:
D:1:      zelgadis_glass_arrival_small, layout_rooms
D:2:      cheibrodos_fertilizer, layout_basic, lemuel_crystal_altar,
          cheibriados_altar_1, makhleb_heckhound_becter, glass_columns_c
D:3:      layout_loops_ring, elyvilon_altar_4,
          nemelex_xobeh_ov_fountains_minmay, chequers_serial_rivers_large_b,
          uniq_sigmund
D:4:      minmay_wonky_spiral, layout_cave_pods, tso_altar,
          minmay_temple_entry_hall

Table legend:
 A = Turns spent in this place as a percentage of turns spent in the entire game.
 B = Non-inter-level travel turns spent in this place as a percentage of non-inter-level travel turns spent in the entire game.
 C = Inter-level travel turns spent in this place as a percentage of turns spent in this place.
 D = Turns resting spent in this place as a percentage of non-inter-level travel turns spent in this place.
 E = Turns spent auto-exploring this place as a percentage of non-inter-level travel turns spent in this place.
 F = Non-inter-level travel turns spent in this place divided by the number of levels of this place that you've seen.
                   A       B       C       D       E      F
               +-------+-------+-------+-------+-------+----------------------
         Total | 100.0 | 100.0 |   6.5 |  24.0 |  55.9 | 841.5
       Dungeon | 100.0 | 100.0 |   6.5 |  24.0 |  55.9 | 841.5
               +-------+-------+-------+-------+-------+----------------------

Table legend:
 A = Kills in this place as a percentage of kills in entire the game.
 B = Kills by you in this place as a percentage of kills by you in the entire game.
 C = Kills by friends in this place as a percentage of kills by friends in the entire game.
 D = Other kills in this place as a percentage of other kills in the entire game.
 E = Experience gained in this place as a percentage of experience gained in the entire game.
 F = Experience gained in this place divided by the number of levels of this place that you have seen.
                   A       B       C       D       E      F
               +-------+-------+-------+-------+-------+----------------------
         Total | 100.0 | 100.0 |   N/A |   N/A | 100.0 | 139.8
       Dungeon | 100.0 | 100.0 |   N/A |   N/A | 100.0 | 139.8
               +-------+-------+-------+-------+-------+----------------------
